 Dungeon Crawl Stone Soup version 0.24-a0-520-g8fd06ad0bc (console) character file.

Game seed: 3827366353387722521

3173 nht the Martial Artist (level 9, 0/58 HPs)
             Began as a Vampire Transmuter on July 26, 2019.
             Was a Priest of Wu Jian.
             Slain by a two-headed ogre
             ... wielding a +0 giant club
              (15 damage)
             ... on level 8 of the Dungeon.
             The game lasted 00:15:14 (5322 turns).

nht the Martial Artist (Vampire Transmuter)         Turns: 5322, Time: 00:15:15

Health: 0/58       AC:  5    Str:  9    XL:     9   Next: 63%
Magic:  0/12       EV: 12    Int: 19    God:    Wu Jian [***...]
Gold:   347        SH:  0    Dex: 12    Spells: 4/12 levels left

rFire    . . .     SeeInvis +     - Unarmed
rCold    . . .     Gourm    .   (no shield)
rNeg     . . .     Faith    .   b - +1 robe
rPois    .         Spirit   +   (no helmet)
rElec    .         Reflect  .   p - +0 cloak
rCorr    .         Harm     .   (no gloves)
MR       .....                  q - +0 pair of boots
Stlth    +.........             l - amulet of guardian spirit
HPRegen  0.39/turn              v - -2 ring of dexterity (curse)
MPRegen  0.13/turn              (no ring)

@: regenerating quickly, studying 2 skills
A: no food, fangs 3, see invisible, unbreathing
a: Exsanguinate, Wall Jump, Serpent's Lash, Renounce Religion


You were on level 8 of the Dungeon.
You worshipped Wu Jian.
Wu Jian was most pleased with you.
You were alive.

You visited 1 branch of the dungeon, and saw 9 of its levels.
You also visited: Sewer.

You collected 347 gold pieces.

Inventory:

Hand Weapons
 y - a +1 hand axe of flaming
Missiles
 a - 63 arrows
Armour
 b - a +1 robe (worn)
 p - a +0 cloak (worn)
 q - a +0 pair of boots (worn)
Jewellery
 h - an uncursed amulet of the acrobat
 l - an amulet of guardian spirit (around neck)
 v - a cursed -2 ring of dexterity (left hand)
Wands
 g - a wand of enslavement (8)
 m - a wand of paralysis (11)
 s - a wand of digging (8)
Scrolls
 c - 2 scrolls of amnesia
 i - 5 scrolls of teleportation
 j - a scroll of blinking
 k - 3 scrolls of remove curse
 n - 3 scrolls of enchant weapon
 w - 2 scrolls of identify
Potions
 e - a potion of invisibility
 f - a potion of flight
 o - 2 potions of agility
 r - 2 potions of resistance
 t - a potion of curing
 u - a potion of berserk rage
Books
 d - a manual of Axes
 x - a manual of Throwing


   Skills:
 - Level 0.8 Fighting
 - Level 2.1 Dodging
 * Level 12.3 Unarmed Combat
 - Level 2.0 Spellcasting
 + Level 8.9 Transmutations


You had 4 spell levels left.
You knew the following spells:

 Your Spells              Type           Power        Failure   Level  Hunger
a - Blade Hands           Tmut           #####.....   12%         5    N/A
b - Spider Form           Tmut/Pois      ###.......   9%          3    N/A

Your spell library contained the following spells:

 Spells                   Type           Power        Failure   Level  Hunger
 Beastly Appendage        Tmut           #####.       1%          1    N/A
 Sticks to Snakes         Tmut           #####...     1%          2    N/A
 Shock                    Conj/Air       #...         17%         1    N/A
 Swiftness                Chrm/Air       #.......     26%         2    N/A
 Ice Form                 Ice/Tmut       ###.....     26%         4    N/A
 Static Discharge         Conj/Air       #.......     45%         3    N/A
 Airstrike                Air            #.........   86%         4    N/A
 Lightning Bolt           Conj/Air       #.........   99%         5    N/A

Dungeon Overview and Level Annotations

Branches:
Dungeon (9/15)             Temple (0/1) D:5
   Lair: D:8-11         Orc: D:9-12

Altars:
Ashenzari
Cheibriados
Gozag
Makhleb
Nemelex Xobeh
Okawaru
Sif Muna
Trog
Vehumet
Wu Jian
Zin

Annotations:
D:3 exclusion: ogre
D:4 1 runed translucent door, exclusion: door


Innate Abilities, Weirdness & Mutations

You do not eat.
Your natural rate of healing is unusually fast.
You have razor-sharp teeth.
You have supernaturally acute eyesight. (SInv)
You can survive without breathing.


Message History

You kill the jelly!
The Council accepts your kill. The ooze hits you but does no damage.
The ooze hits you.
* * * LOW HITPOINT WARNING * * *
You punch the jelly!
Your hands burn!
* * * LOW HITPOINT WARNING * * *
The jelly is severely wounded.
The ooze closely misses you. The jelly closely misses you. The ooze hits you.
* * * LOW HITPOINT WARNING * * *
You are too injured to fight recklessly!
Unknown command.
The jelly jiggles.
The jelly jiggles.
The ooze jiggles.
You are no longer corroded.
There is a stone staircase leading up here.
The ooze closely misses you.
You climb upwards.
The two-headed ogre hits you with a +0 giant club!!
You die... ██████

█....█ █....+
█..O.█ █.@..█
█J...█ █....█
█....█ █....█
+....█ █....+
█████....██████████
....$..............


You could see a two-headed ogre and an ooze.

Vanquished Creatures
  Pikel (D:4)
  The ghost of xccam the Fighter, an amateur GnWn (D:4)
  An orc warrior (D:6)
  A wyvern (D:7)
  Menkaure (D:4)
  A water moccasin (D:6)
  A sky beast (D:6)
  A slave (D:4)
  Purgy (Sewer)
  A black bear (D:6)
  A phantom (D:5)
  An eye of draining (D:7)
  2 centaurs
  2 ogres (D:7)
  3 bullfrogs
  2 scorpions
  3 crimson imps
  3 orc priests
  4 jellies
  2 hounds
  2 bullfrog skeletons (D:4)
  2 iguanas
  An iron imp (D:7)
  Ijyb (D:4)
  4 worker ants
  2 hound skeletons (D:4)
  A worker ant zombie (D:8)
  A gnoll (D:3)
  7 adders
  A river rat (D:3)
  2 shadow imps
  3 oozes (D:9)
  2 worms
  2 dart slugs
  5 leopard geckos
  15 orcs
  3 ball pythons
  6 giant cockroaches
  10 goblins
  5 hobgoblins
  6 quokkas
  10 bats
  6 frilled lizards
  10 kobolds
  A leopard gecko skeleton (D:4)
  A leopard gecko zombie (D:6)
  9 rats
151 creatures vanquished.

Vanquished Creatures (collateral kills)
  2 orc wizards (D:6)
  An orc (D:6)
3 creatures vanquished.

Vanquished Creatures (others)
  2 orc wizards (D:6)
  An orc priest (D:6)
3 creatures vanquished.

Grand Total: 157 creatures vanquished

Notes
Turn   | Place    | Note
-------+----------+-------------------------------------------
     0 | D:1      | nht the Vampire Transmuter began the quest for the Orb.
     0 | D:1      | Reached XP level 1. HP: 14/14 MP: 3/3
   170 | D:1      | Reached XP level 2. HP: 20/20 MP: 3/5
   477 | D:1      | Reached skill level 4 in Unarmed Combat
   877 | D:2      | Reached XP level 3. HP: 25/25 MP: 4/6
  1008 | D:2      | Found an ornate altar of the Wu Jian Council.
  1233 | D:2      | Found a burning altar of Makhleb.
  1245 | D:2      | Found a radiant altar of Vehumet.
  1477 | D:2      | Became a worshipper of the Wu Jian Council
  1587 | D:3      | Learned a level 3 spell: Spider Form
  1717 | D:3      | Found an iron altar of Okawaru.
  1750 | D:3      | Reached XP level 4. HP: 20/31 MP: 3/7
  1910 | D:3      | Reached skill level 5 in Unarmed Combat
  1999 | D:3      | Reached * piety under Wu Jian
  2029 | D:3      | Found a glowing drain.
  2033 | Sewer    | Entered a sewer
  2036 | Sewer    | Noticed Purgy
  2044 | Sewer    | Killed Purgy
  2044 | Sewer    | Reached skill level 6 in Unarmed Combat
  2044 | Sewer    | Reached XP level 5. HP: 16/36 MP: 2/8
  2197 | D:3      | Noticed an ogre
  2303 | D:4      | Learned a level 5 spell: Blade Hands
  2331 | D:4      | Reached XP level 6. HP: 27/42 MP: 5/9
  2481 | D:4      | Noticed Ijyb
  2489 | D:4      | Killed Ijyb
  2490 | D:4      | Noticed Menkaure
  2499 | D:4      | Killed Menkaure
  2499 | D:4      | Reached skill level 7 in Unarmed Combat
  2499 | D:4      | Reached skill level 5 in Transmutations
  2580 | D:4      | Found a deep blue altar of Sif Muna.
  2595 | D:4      | Noticed a slave
  2596 | D:4      | Noticed Pikel
  2596 | D:4      | Noticed a slave
  2596 | D:4      | Noticed a slave
  2597 | D:4      | Noticed a slave
  2603 | D:4      | Reached XP level 7. HP: 45/47 MP: 10/10
  2627 | D:4      | Killed Pikel
  2627 | D:4      | Reached skill level 9 in Unarmed Combat
  2627 | D:4      | Reached XP level 8. HP: 34/53 MP: 5/11
  2786 | D:4      | Found a sparkling altar of Nemelex Xobeh.
  2876 | D:4      | Found a runed translucent door.
  2876 | D:4      | Noticed xccam's ghost (amateur GnWn)
  2896 | D:4      | Killed xccam's ghost
  2896 | D:4      | Reached ** piety under Wu Jian
  2902 | D:4      | Found a runed translucent door.
  3021 | D:5      | Entered Level 5 of the Dungeon
  3026 | D:5      | Found an opulent altar of Gozag.
  3097 | D:5      | Reached skill level 10 in Unarmed Combat
  3167 | D:5      | Found a glowing silver altar of Zin.
  3368 | D:5      | what is with this shit god now
  3526 | D:5      | Found a staircase to the Ecumenical Temple.
  3771 | D:6      | Reached XP level 9. HP: 36/58 MP: 8/12
  3848 | D:6      | Found a shattered altar of Ashenzari.
  3875 | D:6      | Reached skill level 11 in Unarmed Combat
  4370 | D:7      | Found a bloodstained altar of Trog.
  4619 | D:7      | Found a snail-covered altar of Cheibriados.
  4695 | D:7      | Reached skill level 12 in Unarmed Combat
  5238 | D:8      | Noticed a two-headed ogre
  5299 | D:9      | Reached *** piety under Wu Jian
  5322 | D:8      | Slain by a two-headed ogre

Levels and vault maps discovered:
D:1:      dpeg_arrival_chase, layout_rooms, roderic_lattice_a
D:2:      kennysheep_the_goblin_king, layout_basic,
          amethyst_overflow_temple_binary, lemuel_crystal_altar
D:3:      layout_loops_corners, kennysheep_okawaru_gauntlet,
          portal_sewer_entry_e, first_ration, kennysheep_generic_room_2
D:4:      layout_basic, led_sif_book, marbit_many_paths, ebering_ghost_sewer_f,
          uniq_ijyb, uniq_pikel, uniq_menkaure
D:5:      layout_basic, grunt_gozag_statues, zin_academy,
          minmay_temple_entry_proselytizer
D:6:      layout_rooms, lemuel_doored_altar, minmay_manual_moon
D:7:      layout_basic, slow_altar_1, kennysheep_mini, minmay_manual_monolith
D:8:      layout_gridville
D:9:      layout_basic, nicolae_overflow_crystal_walls, special_room
          [special_room_orc], hangedman_little_slice_of_home,
          uniq_prince_ribbit1

Skill      XL: |  1  2  3  4  5  6  7  8  9 |
---------------+----------------------------+-----
Unarmed Combat | 4 6 7 9 10 12 | 12.3
Transmutations | 3 4 5 6 7 8 |  8.9
Fighting       | |  0.8
Dodging        | |  2.1
Spellcasting   | |  2.0

Action                   |  1- 3 |  4- 6 |  7- 9 || total
-------------------------+-------+-------+-------++-------
Melee: Unarmed           |   149 |   110 |   288 ||   547
       Headbutt          |     5 |       |       ||     5
       Bite              |    11 |     1 |    19 ||    31
       Kick              |     9 |       |       ||     9
       Punch             |     3 |       |     9 ||    12
 Cast: Beastly Appendage |    13 |       |       ||    13
       Spider Form       |     1 |     7 |     1 ||     9
       Blade Hands       |       |       |     5 ||     5
Invok: Lunge             |     6 |     7 |    20 ||    33
       Whirlwind         |       |     1 |    21 ||    22
 Abil: Wall Jump         |       |       |     3 ||     3
Evoke: Wand              |       |     1 |     6 ||     7
  Use: Scroll            |     5 |     4 |     6 ||    15
       Potion            |       |     7 |       ||     7
 Stab: Sleeping          |       |     4 |     1 ||     5
       Invisible         |       |     9 |       ||     9
       Paralysed         |       |     4 |       ||     4
Armor: Robe              |    31 |     2 |    44 ||    77
       Skin              |       |     1 |       ||     1
Dodge: Dodged            |   118 |    83 |   125 ||   326

Table legend:
 A = Non-vault XP
 B = Vault XP
 C = Vault XP percentage of total XP
 D = Non-vault monster count
 E = Vault monster count
 F = Vault count percentage of total count
                 A         B        C        D         E       F
            +---------+---------+-------+---------+---------+-------
      Total |    2610 |    1923 |  42.4 |     111 |      43 |  27.9
            +---------+---------+-------+---------+---------+-------
        D:1 |      33 |       0 |   0.0 |      19 |       0 |   0.0
        D:2 |      20 |      13 |  39.4 |      13 |       7 |  35.0
        D:3 |     117 |      28 |  19.3 |      20 |       9 |  31.0
        D:4 |     338 |    1307 |  79.5 |      18 |       8 |  30.8
        D:5 |     283 |      40 |  12.4 |       7 |       1 |  12.5
        D:6 |     828 |     188 |  18.5 |      18 |       2 |  10.0
        D:7 |     935 |     112 |  10.7 |      14 |       5 |  26.3
        D:8 |      16 |       0 |   0.0 |       1 |       0 |   0.0
        D:9 |      40 |     105 |  72.4 |       1 |       5 |  83.3
      Sewer |       0 |     130 | 100.0 |       0 |       6 | 100.0
            +---------+---------+-------+---------+---------+-------
